 Dungeon Crawl Stone Soup version 0.31-a0-182-gc5ef74bbde (webtiles) character file.

Game seed: 10417094937919528831

138 Moral the Sneak (level 5, -2/31 HPs)
             Began as a Vampire Brigand on June 22, 2023.
             Killed by divine providence
             ... invoked by an orc priest
              (12 damage)
             ... on level 4 of the Dungeon.
             The game lasted 00:08:56 (2249 turns).

Moral the Sneak (Vampire Brigand)                   Turns: 2249, Time: 00:08:58

Health: -2/31      AC:  0    Str:  6 (10) XL:     5   Next: 1%
Magic:  3/5        EV: 20    Int: 10 (14) God:
Gold:   89         SH:  0    Dex: 19 (22) Spells: 4/4 levels left

rFire   . . .        j - melded +3 short sword (speed)
rCold   + + .        (shield currently unavailable)
rNeg    + + +        b - melded +0 robe
rPois   ∞            (helmet currently unavailable)
rElec   .            c - melded +0 cloak
rCorr   .            (gloves currently unavailable)
SInv    +            (boots currently unavailable)
Will    .....        h - amulet of faith
Stlth   ++++++       (ring currently unavailable)
HPRegen 0.00/turn    (ring currently unavailable)
MPRegen 0.09/turn

%: faith
@: bat-form, flying, bloodless, inhibited regen, very quick
A: fast, flying, no casting, tiny, bloodless, fangs 3, see invisible, vampiric 2
a: Revivify, End Transformation


You were on level 4 of the Dungeon.
You were a vampire bat.
You visited 1 branch of the dungeon, and saw 4 of its levels.

You collected 89 gold pieces.

Inventory:

Hand Weapons
 j - a +3 short sword of speed (melded)
Missiles
 d - 24 poisoned darts (quivered)
 e - 3 curare-tipped darts
Armour
 b - a +0 robe (melded)
 c - a +0 cloak (melded)
Magical Staves
 a - a staff of cold
Jewellery
 h - an amulet of faith (around neck)
Scrolls
 g - a scroll of teleportation {unknown}
 k - a scroll of identify {unknown}
 o - a scroll of enchant armour {unknown}
 p - a scroll of fog {unknown}
 q - a scroll of noise {unknown}
 r - a scroll of summoning {unknown}
Potions
 f - 2 potions of ambrosia {unknown}
 i - a potion of degeneration {unknown}
 m - 2 potions of curing
 n - a potion of attraction {unknown}
 s - a potion of might {unknown}
 t - a potion of mutation {unknown}
Miscellaneous
 u - a piece from Xom's chessboard (15/15)


   Skills:
 + Level 2.6 Fighting
 + Level 3.2 Short Blades
 - Level 1.5 Throwing
 + Level 2.4 Dodging
 * Level 7.6 Stealth


You had 4 spell levels left.
You didn't know any spells.
Your spell library contained the following spells:

 Spells                   Type           Power      Damage    Failure   Level
 Necrotise                Necr           0%         1d4       36%         1
 Ozocubu's Armour         Ice            0%         N/A       75%         3
 Vampiric Draining        Necr           0%         2d6       75%         3
 Agony                    Necr           0%         N/A       100%        5
 Simulacrum               Ice/Necr       0%         N/A       100%        6
 Monstrous Menagerie      Summ           0%         N/A       100%        7


Dungeon Overview and Level Annotations

Branches:
Dungeon (4/15)
 Temple: D:4-7

Altars:
Cheibriados
Xom

Annotations:
D:3 Terence


Innate Abilities, Weirdness & Mutations

You are a vampire bat.
You are tiny and dextrous.
You move quickly.
You are flying.
You are immune to poison.
Your equipment is almost entirely melded.
You are incapable of wielding weapons or throwing items.
You cannot cast spells.
You do not regenerate when monsters are visible.
You are frail without blood (-20% HP).
You can heal yourself when you bite living creatures.
You are immune to poison.
You have razor-sharp teeth.
You have supernaturally acute eyesight. (SInv)
You are afflicted with vampirism and can become a bat while bloodless.


Message History

The iguana bites you.
You hit the iguana but do no damage. You bite the iguana.
You kill the iguana!
You feel your dexterity returning.
You have reached level 5!
You feel clever.
HP restored.
Found a chain mail.
No target in view!
A phantom, an orc and a ball python come into view.
The orc is wielding a +0 hand axe and quivering poisoned darts.
You open the door.
Okay, then.
You close the door.
You hit the ball python.
You kill the ball python!
You see here a ball python corpse.
You open the door.
An orc priest and an orc come into view.
Found 26 gold pieces.
Found a roughly hewn altar of Beogh.
An orc and an orc wizard come into view.
Found 15 gold pieces.
There is an open door here.
The orc priest shouts!
The orc shouts!
The orc priest invokes the aid of Beogh against you.
Beogh smites you! The orc attacks as you move away!
The orc hits you but does no damage.
The orc wizard hits you with a +0 dagger.
There is an open door here.
As you read the scroll labelled FOSEME FU WOCE, it crumbles to dust.
It is a scroll of amnesia.
You feel forgetful for a moment. The orc wizard closely misses you.
The orc hits you with a +0 flail!
You turn into a vampire bat.
Your +3 short sword of speed melds into your body.
Your +0 cloak melds into your body.
Your +0 robe melds into your body.
You feel weakened.
You feel dopey.
You feel clumsy.
The orc priest mumbles some strange prayers to Beogh against you.
Beogh smites you!
You die...

#..[..........
#............
#..$.......# ##
#..........#########.
+..........+.........
#####.†.....######....
##$$.##................
#.8.8o#.###########....
#_.o.ob.# #....
#$8o8.### #.... ##.$.##
#.... #### ####. ##


You could see an orc priest, an orc wizard and 2 orcs.

Vanquished Creatures
  An iguana (D:4)
  An orc wizard (D:3)
  2 adders
  4 worms
  A dart slug (D:1)
  3 orcs (D:3)
  8 ball pythons
  7 endoplasms
  2 giant cockroaches
  3 goblins
  5 hobgoblins
  2 quokkas (D:1)
  3 bats
  A frilled lizard (D:1)
  4 kobolds
  2 rats (D:1)
49 creatures vanquished.

Notes
Turn   | Place    | Note
-------+----------+-------------------------------------------
     0 | D:1      | Moral the Vampire Brigand began the quest for the Orb.
     0 | D:1      | Reached XP level 1. HP: 16/16 MP: 1/1
    51 | D:1      | Reached skill level 6 in Stealth
   105 | D:1      | Reached XP level 2. HP: 17/17 MP: 2/2
   768 | D:2      | Gained mutation: You are afflicted with vampirism and can
                  | become a bat while bloodless. [Vampire growth]
   768 | D:2      | Reached XP level 3. HP: 21/21 MP: 3/3
  1165 | D:2      | Got the Monograph on the Glacier and Leadership
  1584 | D:3      | Reached skill level 7 in Stealth
  1625 | D:3      | Reached XP level 4. HP: 27/27 MP: 4/4
  1660 | D:3      | Found a snail-covered altar of Cheibriados.
  2048 | D:3      | Noticed Terence
  2165 | D:4      | Found a shimmering altar of Xom.
  2209 | D:4      | Reached XP level 5. HP: 29/31 MP: 5/5
  2229 | D:4      | Noticed a phantom
  2249 | D:4      | Killed from afar by an orc priest

Illustrated notes

Levels and vault maps discovered:
D:1:      shiori_shiawase, layout_loops_cross
D:2:      layout_loops_ring, kennysheep_generic_room_5
D:3:      layout_loops_ring, mainiacjoe_overflow_alcove_2, chei_slow_surprise,
          nicolae_dithmenos_through_a_glass_darkly,
          hellmonk_ecumenical_altar_inner_sanctum, uniq_terence
D:4:      layout_basic, xom_butterflies, nicolae_overflow_crystal_walls,
          kennysheep_orc_chapel

Skill      XL: |  1  2  3  4 |
---------------+-------------+-----
Stealth        | 6 7 |  7.6
Fighting       | 2 |  2.6
Dodging        | 2 |  2.4
Short Blades   | 3 |  3.2
Throwing       | |  1.5

Action                     |  1- 3 |  4- 6 || total
---------------------------+-------+-------++-------
  Melee: Dagger            |    25 |       ||    25
         Short sword       |    34 |    32 ||    66
         Bite              |     3 |     6 ||     9
  Throw: Dart              |       |     5 ||     5
Ability: Exsanguinate      |     1 |       ||     1
         Bat Form          |       |     2 ||     2
         End Transformatio |       |     1 ||     1
    Use: Scroll            |       |     1 ||     1
   Stab: Sleeping          |    27 |     2 ||    29
         Distracted        |     1 |       ||     1
 Armour: Robe              |     5 |     3 ||     8
  Dodge: Dodged            |    14 |    20 ||    34

Table legend: (Time is in decaauts)
 A = Elapsed time spent in this place.
 B = Non-inter-level travel time spent in this place.
 C = Inter-level travel time spent in this place.
 D = Time resting spent in this place.
 E = Time spent auto-exploring this place.
 F = Levels seen in this place.
 G = Mean time per level.
                   A        B        C        D        E       F      G
               +--------+--------+--------+--------+--------+-----+--------+
         Total |   2203 |   2089 |    114 |     33 |   1665 |   4 |  550.8 |
       Dungeon |   2203 |   2089 |    114 |     33 |   1665 |   4 |  550.8 |
               +--------+--------+--------+--------+--------+-----+--------+

Top non-repeatable levels by time:
     D:2: 852 daAuts
     D:1: 747 daAuts
     D:3: 502 daAuts
     D:4: 101 daAuts
